 Dungeon Crawl Stone Soup version 0.29.1-1-gd02db6906a (webtiles) character file.

Game seed: 2599681637639384444

1044 hawla the Zephyrmancer (level 8, -1/62 HPs)
             Began as a Meteoran Air Elementalist on Oct 13, 2022.
             Was an Initiate of Vehumet.
             Slain by an ogre
             ... wielding a +0 giant club
              (30 damage)
             ... on level 6 of the Dungeon.
             The game lasted 00:10:20 (3152 turns).

hawla the Zephyrmancer (Meteoran Air Elementalist)  Turns: 3152, Time: 00:10:22

Health: -1/62      AC:  4    Str: 10    XL:     8   Next: 78%
Magic:  15/18      EV: 13    Int: 18    God:    Vehumet [......]
Gold:   212        SH:  0    Dex: 15    Spells: 13/20 levels left

rFire   . . .      SeeInvis .   j - staff of air
rCold   . . .      Faith    .   (no shield)
rNeg    + . .      Spirit   .   k - +2 robe {rN+}
rPois   +          Reflect  .   (helmet restricted)
rElec   +          Harm     .   (no cloak)
rCorr   .          Rampage  .   (no gloves)
Will    ++...                   (no boots)
Stlth   +.........              (no amulet)
HPRegen 0.20/turn               (no ring)
MPRegen 0.16/turn               (no ring)

@: lethally poisoned (-1 -> -5), slowed, glowing, very slow
A: sense surroundings 1, otherworldly, glowing, explore regen, horns 1,
strong-willed 1, poison resistance, evolution 1
a: Renounce Religion


You were on level 6 of the Dungeon.
You worshipped Vehumet.
Vehumet was noncommittal.
You visited 2 branches of the dungeon, and saw 7 of its levels.

You collected 212 gold pieces.

Inventory:

Armour
 k - a +2 robe of positive energy (worn)
Magical Staves
 j - a staff of air (weapon)
Jewellery
 h - a ring of ice
Wands
 e - a wand of digging (5)
 o - a wand of iceblast (8) (quivered)
Scrolls
 b - 2 scrolls of amnesia
Potions
 c - 2 potions of might
 d - 3 potions of curing
 f - a potion of cancellation
 g - a potion of haste {unknown}
 i - a potion of flight {unknown}
 l - 5 potions of mutation


   Skills:
 + Level 2.3 Fighting
 + Level 1.3 Staves
 + Level 3.6 Dodging
 - Level 1.4 Stealth
 + Level 6.5 Spellcasting
 + Level 3.4 Conjurations
 + Level 8.1 Air Magic
 + Level 2.1 Evocations


You had 13 spell levels left.
You knew the following spells:

 Your Spells              Type           Power      Damage    Failure   Level
a - Shock                 Conj/Air       100%       1d9       1%          1
b - Static Discharge      Conj/Air       40%        3-8/arc   1%          2
c - Airstrike             Air            25%        2d(4-20)  4%          4

Your spell library contained the following spells:

 Spells                   Type           Power      Damage    Failure   Level
 Swiftness                Air            51%        N/A       1%          3
 Ensorcelled Hibernation  Hex/Ice        10%        N/A       17%         2
 Passwall                 Tmut/Erth      4%         N/A       17%         2


Dungeon Overview and Level Annotations

Branches:
Dungeon (6/15) Zot: 566    Temple (1/1) D:4 Zot: 471

Altars:
Ashenzari
Cheibriados
Dithmenos
Elyvilon
Fedhas
Gozag
Hepliaklqana
Kikubaaqudgha
Makhleb
Nemelex Xobeh
Okawaru
Qazlal
Ru
Sif Muna
Trog
Uskayaw
Vehumet
Wu Jian
Xom
Yredelemnul
Zin
The Shining One


Innate Abilities, Weirdness & Mutations

You passively map a small area around you.
You are easily found by Zot.
You glow in the dark.
You regain HP and MP as you explore.
You have a pair of small horns on your head.
You are strong-willed. (Will+)
Your system is resistant to poisons. (rPois)
You have hidden genetic potential.


Message History

You are poisoned.
You have difficulty breathing.
You feel yourself slow down.
An ogre and a black bear come into view.
Found a fuming golden potion and a scroll labelled JEYNWA FE RAUT.
You feel very sick.
The ogre shouts!
The black bear growls angrily.
The water moccasin hisses angrily.
The ogre hits you with a +0 giant club!
You hit the ogre.
The ogre is electrocuted!
The ogre is heavily wounded.
You feel very sick. The water moccasin bites you.
A shadow imp comes into view.
The ogre hits you with a +0 giant club. The water moccasin bites you.
A jelly comes into view.
Casting: Shock (safe; 1% risk of failure)
Confirm with . or Enter, or press ? or * to list all spells.
You feel a surge of power!
The kobold brigand is struck by an arc of lightning.
The kobold brigand is moderately wounded.
You resist.
You are struck by an arc of lightning.
The kobold brigand is struck by an arc of lightning.
The kobold brigand is heavily wounded.
The water moccasin is struck by an arc of lightning!
The water moccasin is moderately wounded.
The kobold brigand is struck by an arc of lightning.
The kobold brigand is heavily wounded.
The lightning grounds out.
The water moccasin is struck by an arc of lightning!
The water moccasin is severely wounded.
The kobold brigand is struck by an arc of lightning!
You kill the kobold brigand!
Vehumet accepts your kill.
The water moccasin is struck by an arc of lightning!
You kill the water moccasin!
Vehumet accepts your kill. You resist.
You are struck by an arc of lightning.
The lightning grounds out.
You feel very sick.
The ogre hits you with a +0 giant club!!
You die...

...##.....#*
*,,,,**,,,,,,**,
##..#.....#
****,,,,,,,,,**,
###.......# ***,,,,,,,**,
###.....# **,,,,,,**,
###.### *,,,,,,,*** #.#
######## *,,,,,,,** #.#
#......#****,,,,,,,,*
#.####......#*,,,,*****,,**
*#...#..###@)#*,**** *,,,,
#..#)..##.O.†.J?# *,,,,
#.##...#.h..#...# **,,<
#.#...[#...!#..## *,,,
#...####..!##,## *,,,
#..#*,,.###*,,* *,,,
##.*,,5.*,,,,** ****
#.*,.?,*,,,** #,,,,,**,,,*


You could see a black bear, an ogre, a jelly and a shadow imp.

Vanquished Creatures
  A water moccasin (D:6)
  2 black bears
  An ogre (D:4)
  2 kobold brigands (D:6)
  Blork the orc (D:4)
  A necrophage (D:4)
  3 scorpions
  3 jellies
  Terence (D:3)
  2 iguanas
  2 orc wizards (D:3)
  7 adders
  4 gnolls (D:5)
  An ufetubus (D:6)
  4 dart slugs (D:2)
  8 orcs
  4 ball pythons
  3 endoplasms
  2 giant cockroaches
  5 goblins
  7 hobgoblins
  3 quokkas
  9 bats
  2 kobolds
  5 rats
83 creatures vanquished.

Vanquished Creatures (others)
  2 withered plants (D:1)
2 creatures vanquished.

Grand Total: 85 creatures vanquished

Notes
Turn   | Place    | Note
-------+----------+-------------------------------------------
     0 | D:1      | hawla the Meteoran Air Elementalist began the quest for the
                  | Orb.
     0 | D:1      | Reached XP level 1. HP: 14/14 MP: 5/5
   123 | D:1      | Reached XP level 2. HP: 7/22 MP: 0/6
   126 | D:1      | Learned a level 2 spell: Static Discharge
   218 | D:1      | Found a faded altar of an unknown god.
   267 | D:1      | Reached skill level 4 in Air Magic
   450 | D:2      | Reached XP level 3. HP: 27/27 MP: 6/8
   576 | D:2      | Reached XP level 4. HP: 34/34 MP: 4/10
   581 | D:2      | Learned a level 4 spell: Airstrike
  1100 | D:2      | Glimpsed the power of Zot.
  1131 | D:3      | Reached skill level 5 in Air Magic
  1244 | D:3      | Found an ornate altar of the Wu Jian Council.
  1329 | D:3      | Found a blossoming altar of Fedhas.
  1339 | D:3      | Reached XP level 5. HP: 39/39 MP: 4/11
  1369 | D:3      | Reached skill level 6 in Air Magic
  1452 | D:3      | Reached XP level 6. HP: 46/46 MP: 3/12
  1489 | D:3      | Found a glowing silver altar of Zin.
  1560 | D:3      | Noticed Terence
  1565 | D:3      | Killed Terence
  1566 | D:3      | Reached skill level 1 in Evocations
  1694 | D:3      | Glimpsed the power of Zot.
  1744 | D:3      | Glimpsed the power of Zot.
  1925 | D:4      | Noticed an ogre
  1926 | D:4      | Noticed Blork the orc
  1929 | D:4      | Reached skill level 1 in Fighting
  1929 | D:4      | Reached XP level 7. HP: 48/52 MP: 9/14
  1936 | D:4      | Reached skill level 7 in Air Magic
  1944 | D:4      | Gained mutation: You are strong-willed. (Will+) [potion of
                  | mutation]
  1944 | D:4      | Gained mutation: You have a pair of small horns on your
                  | head. [potion of mutation]
  1944 | D:4      | Gained mutation: You have hidden genetic potential. [potion
                  | of mutation]
  1947 | D:4      | Killed Blork the orc
  2010 | D:4      | Reached skill level 5 in Spellcasting
  2140 | D:4      | Found a staircase to the Ecumenical Temple.
  2146 | Temple   | Entered the Ecumenical Temple
  2266 | Temple   | Became a worshipper of Vehumet
  2382 | D:4      | Found a sacrificial altar of Ru.
  2420 | D:4      | Glimpsed the power of Zot.
  2441 | D:5      | Entered Level 5 of the Dungeon
  2457 | D:5      | Reached XP level 8. HP: 59/59 MP: 17/17
  2617 | D:5      | Gained mutation: Your system is resistant to poisons.
                  | (rPois) [hidden potential]
  2689 | D:5      | Reached skill level 1 in Staves
  3021 | D:5      | Glimpsed the power of Zot.
  3128 | D:6      | Reached skill level 8 in Air Magic
  3152 | D:6      | Slain by an ogre

Illustrated notes

Levels and vault maps discovered:
D:1:      minmay_arrival_shattered_statue, layout_basic,
          ebering_ecumenical_altar_petrified
D:2:      layout_basic
D:3:      layout_loops_corners, mainiacjoe_overflow_paths, lemuel_crystal_altar,
          fedhas_altar_2, uniq_terence
D:4:      layout_basic, nicolae_ru_the_path_less_chosen, temple_doors_cd,
          minmay_crossroads, uniq_blork_the_orc
D:5:      layout_loops_corners, uniq_duvessa
D:6:      layout_rooms, minmay_bent
Temple:   nicolae_temple_two_arcs

Skill      XL: |  1  2  3  4  5  6  7  8 |
---------------+-------------------------+-----
Spellcasting   | 3 4 5 6 |  6.5
Air Magic      | 4 5 6 7 8 |  8.1
Evocations     | 2 |  2.1
Conjurations   | 2 3 |  3.4
Fighting       | 1 2 |  2.3
Dodging        | 3 |  3.6
Staves         | 1 |  1.3
Stealth        | |  1.4

Action                   |  1- 3 |  4- 6 |  7- 9 || total
-------------------------+-------+-------+-------++-------
Melee: Unarmed           |     9 |       |       ||     9
       Staff             |       |    34 |     5 ||    39
 Cast: Shock             |    39 |    27 |    23 ||    89
       Static Discharge  |     2 |     5 |    16 ||    23
       Airstrike         |       |    17 |     1 ||    18
Evoke: Wand              |       |       |     3 ||     3
  Use: Scroll            |     3 |     3 |     6 ||    12
       Potion            |       |     1 |     6 ||     7
 Stab: Sleeping          |       |     1 |       ||     1
Armor: Robe              |     6 |     8 |       ||    14
       Skin              |       |       |    13 ||    13
Dodge: Dodged            |     9 |    16 |    14 ||    39
